 Dungeon Crawl Stone Soup version 0.31-a0-744-gbc345e7fcb (webtiles) character file.

Game seed: 13366828028309169337

9 Bravepunisher the Ducker (level 2, -1/16 HPs)
             Began as a Spriggan Monk on Sept 13, 2023.
             Slain by an ufetubus (4 damage)
             ... on level 4 of the Dungeon.
             The game lasted 00:00:59 (187 turns).

Bravepunisher the Ducker (Spriggan Monk)             Turns: 187, Time: 00:01:00

Health: -1/16      AC:  2    Str:  7    XL:     2   Next: 6%
Magic:  3/3        EV: 19    Int: 11    God:
Gold:   17         SH:  0    Dex: 17    Spells: 1/1 levels left

rFire   . . .        a - +0 short sword
rCold   . . .        d - orb {light}
rNeg    . . .        b - +0 robe
rPois   .            (helmet restricted)
rElec   .            (no cloak)
rCorr   .            (gloves unavailable)
SInv    +            (boots unavailable)
Will    .....        (no amulet)
Stlth   +            (no ring)
HPRegen 0.22/turn    (no ring)
MPRegen 0.08/turn

%: no passive effects
@: glowing, very quick
A: very small, no large weapons, unfitting armour, see invisible, speed 3
a: no special abilities


You were on level 4 of the Dungeon.
You visited 1 branch of the dungeon, and saw 4 of its levels.

You collected 17 gold pieces.

Inventory:

Hand Weapons
 a - a +0 short sword (weapon)
Armour
 b - a +0 robe (worn)
 d - an orb of light (worn)
Scrolls
 f - a scroll of blinking {unknown}
Potions
 c - a potion of ambrosia
 e - a potion of magic {unknown}


   Skills:
 * Level 2.8 Fighting
 - Level 3.2 Short Blades
 + Level 4.2 Dodging


You had one spell level left.
You didn't know any spells.
Your spell library was empty.

Dungeon Overview and Level Annotations

Branches:
Dungeon (4/15)
 Temple: D:4-7

Altars:


Innate Abilities, Weirdness & Mutations

You are very small and have problems with some larger weapons.
You are too small for most types of armour.
You have supernaturally acute eyesight. (SInv)
You cover ground extremely quickly. (Speed+++)


Message History

You climb downwards.
You hear the hiss of flowing sand.
There is an entrance to an ossuary on this level.
Hurry and find it before the portal is buried!
There is a stone staircase leading up here.
You now have 17 gold pieces (gained 8).
A quokka comes into view.
You hit the quokka.
The quokka is severely wounded.
The quokka misses you.
You hit the quokka but do no damage.
The quokka is severely wounded.
The quokka bites you.
You barely miss the quokka.
The quokka is severely wounded.
The quokka barely misses you.
You barely miss the quokka.
The quokka is severely wounded.
The quokka closely misses you.
You hit the quokka.
You kill the quokka!
You see here a quokka corpse.
HP restored.
An ufetubus comes into view.
The ufetubus shouts!
You hit the ufetubus.
The ufetubus is heavily wounded.
The ufetubus hits you. The ufetubus closely misses you.
You hit the ufetubus but do no damage.
The ufetubus is heavily wounded.
The ufetubus closely misses you. x2; The ufetubus hits you.
The ufetubus misses you.
You closely miss the ufetubus.
The ufetubus is moderately wounded.
The ufetubus hits you.
* * * LOW HITPOINT WARNING * * *
The ufetubus barely misses you.
You hit the ufetubus but do no damage.
The ufetubus is moderately wounded.
The ufetubus hits you.
You die...

### #.. #.# #5#
#@# ######.#
#......#
#########.######
###...†.........#
..#.#######.###.#
#.#.# #.....#
..#.# #######
.##.#


You could see an ufetubus.

Vanquished Creatures
  An orc (D:3)
  A giant cockroach (D:3)
  A kobold (D:2)
  A quokka (D:4)
  A ball python (D:2)
  A frilled lizard (D:3)
  A goblin (D:3)
  2 rats (D:3)
9 creatures vanquished.

Notes
Turn   | Place    | Note
-------+----------+-------------------------------------------
     0 | D:1      | Bravepunisher the Spriggan Monk began the quest for the
                  | Orb.
     0 | D:1      | Reached XP level 1. HP: 11/11 MP: 2/2
     6 | D:1      | You fall into a shaft and drop 1 floor!
   119 | D:3      | Reached XP level 2. HP: 15/16 MP: 3/3
   187 | D:4      | Slain by an ufetubus

Illustrated notes

Levels and vault maps discovered:
D:1:      dpeg_arrival_rooms_with_view, layout_rooms, chequers_big_river,
          minmay_circled_x
D:2:      layout_basic
D:3:      layout_basic, wad_orctagon
D:4:      layout_basic, nicolae_gozag_seed_capital,
          minmay_temple_entry_junction, nicolae_ossuary_entry_false_entrances

Action                     || total
---------------------------++-------
  Melee: Short sword       ||    37
 Armour: Robe              ||     8
  Dodge: Dodged            ||    29

Table legend: (Time is in decaauts)
 A = Elapsed time spent in this place.
 B = Non-inter-level travel time spent in this place.
 C = Inter-level travel time spent in this place.
 D = Time resting spent in this place.
 E = Time spent auto-exploring this place.
 F = Levels seen in this place.
 G = Mean time per level.
                   A        B        C        D        E       F      G
               +--------+--------+--------+--------+--------+-----+--------+
         Total |    125 |    125 |      0 |      0 |     55 |   4 |   31.2 |
       Dungeon |    125 |    125 |      0 |      0 |     55 |   4 |   31.2 |
               +--------+--------+--------+--------+--------+-----+--------+

Top non-repeatable levels by time:
     D:3: 73 daAuts
     D:4: 29 daAuts
     D:2: 18 daAuts
     D:1: 4 daAuts
